 Dungeon Crawl Stone Soup version 0.19-a0-1922-g1e9a4c1 (webtiles) character file.

9740 Esekla the Cleaver (level 11, 0/92 HPs)
             Began as a Formicid Conjurer on Oct 25, 2016.
             Was a Priest of Makhleb.
             Slain by a minotaur
             ... wielding a +0 trident
              (25 damage)
             ... in a labyrinth.
             The game lasted 03:18:22 (15382 turns).

Esekla the Cleaver (Formicid Conjurer)             Turns: 15382, Time: 03:18:23

Health: 0/92       AC:  5    Str: 13    XL:     11   Next: 80%
Magic:  10/16      EV: 15    Int: 18    God:    Makhleb [***...]
Gold:   226        SH:  0    Dex: 19    Spells: 6 memorised, 0 levels left

rFire  x . .     SeeInvis +     a - +8 hand axe (elec)
rCold  . . .     Gourm    .     t - +2 robe of the Disturbing Wonders {rF- Dex+8}
rNeg   . . .     Faith    .     (no shield)
rPois  .         Spirit   .     (helmet unavailable)
rElec  .         Reflect  .     Q - +0 cloak
rCorr  .         Harm     .     (no gloves)
MR     ++...                    (no boots)
Stlth  ++........               Z - amulet of Vitality {Regen+ HP+15}
                                n - ring of protection from magic
                                N - +3 ring of evasion

@: drained
A: permanent stasis, dig shafts and tunnels, four strong arms, antennae 3
a: Dig, Shaft Self, Minor Destruction, Lesser Servant of Makhleb, Renounce
Religion


You were in a labyrinth.
You worshipped Makhleb.
Makhleb was most pleased with you.
You were hungry.

You visited 2 branches of the dungeon, and saw 12 of its levels.
You also visited: Labyrinth.

You collected 626 gold pieces.
You spent 400 gold pieces at shops.

Inventory:

Hand Weapons
 a - a +8 hand axe of electrocution (weapon)
Missiles
 I - 7 tomahawks (quivered)
Armour
 t - the +2 robe of the Disturbing Wonders (worn) {rF- Dex+8}
   (You found it on level 7 of the Dungeon)

   It affects your dexterity (+8).
   It makes you vulnerable to fire.
 D - a +1 robe
 Q - a +0 cloak (worn)
Jewellery
 n - a ring of protection from magic (right hand)
 K - an uncursed ring of poison resistance
 M - an uncursed ring of poison resistance
 N - a +3 ring of evasion (left hand)
 Z - the amulet of Vitality (around neck) {Regen+ HP+15}
   (You found it on level 10 of the Dungeon)

   [amulet of regeneration]

   It affects your health (+15).
   It increases your rate of regeneration.
Wands
 b - a wand of lightning (7/15)
 z - a wand of hasting (6/9)
 L - a wand of paralysis (11/24)
 O - a wand of lightning (12/15)
Scrolls
 c - 4 scrolls of enchant armour
 d - a scroll of identify
 o - 9 scrolls of remove curse
 s - a scroll of teleportation {unknown}
 v - 2 scrolls of fear
 w - 2 scrolls of random uselessness {unknown}
 y - 2 scrolls of amnesia {unknown}
 P - a scroll of blinking {unknown}
 S - 2 scrolls of summoning
Potions
 f - 3 potions of ambrosia
 g - 4 potions of lignification
 i - 4 potions of heal wounds
 k - a potion of agility
 m - a potion of curing
 q - a potion of invisibility {unknown}
 r - a potion of cure mutation {unknown}
 u - a potion of experience {unknown}
 A - 2 potions of mutation
 C - a potion of cancellation {unknown}
 R - a potion of flight {unknown}
 X - a potion of resistance {unknown}
Books
 U - a book of Flames

   Spells                             Type                      Level
   a - Flame Tongue                   Conjuration/Fire             1
   b - Throw Flame                    Conjuration/Fire             2
   c - Conjure Flame                  Conjuration/Fire             3
   d - Inner Flame                    Hexes/Fire                   3
   e - Sticky Flame                   Conjuration/Fire             4
   f - Fireball                       Conjuration/Fire             5
 V - a book of Minor Magic

   Spells                             Type                      Level
   a - Magic Dart                     Conjuration                  1
   b - Blink                          Translocation                2
   c - Call Imp                       Summoning                    2
   d - Repel Missiles                 Charms/Air                   2
   e - Slow                           Hexes                        2
   f - Conjure Flame                  Conjuration/Fire             3
   g - Mephitic Cloud                 Conjuration/Poison/Air       3
Comestibles
 h - 2 meat rations
 B - a bread ration
 T - 2 fruits


   Skills:
 - Level 4.1(3.8) Fighting
 + Level 13.0(12.6) Axes
   Level 1.0(0.8) Slings
 - Level 2.0(1.7) Dodging
 - Level 2.4(2.1) Stealth
 + Level 3.7(3.4) Spellcasting
 + Level 7.8(7.5) Conjurations
 + Level 7.1(6.7) Hexes
 * Level 1.8(1.5) Air Magic
 * Level 2.9(2.6) Poison Magic


You couldn't memorise any spells.
You knew the following spells:

 Your Spells              Type           Power        Failure   Level  Hunger
a - Magic Dart            Conj           ####         1%          1    None
b - Searing Ray           Conj           ####..       1%          2    ##.....
c - Dazzling Spray        Conj/Hex       ####..       2%          3    ###....
d - Iskenderun's Mystic   Conj           ####....     10%         4    ####...
e - Fulminant Prism       Conj/Hex       ####......   10%         4    ####...
f - Mephitic Cloud        Conj/Pois/Air  ###.....     12%         3    ###....


Dungeon Overview and Level Annotations

Branches:
Dungeon (11/15)            Temple (1/1) D:6            Lair (0/6) D:9
    Orc (0/2) D:10

Altars:
Ashenzari
Cheibriados
Dithmenos
Elyvilon
Fedhas
Gozag
Hepliaklqana
Kikubaaqudgha
Makhleb
Nemelex Xobeh
Okawaru
Qazlal
Ru
Sif Muna
Trog
Uskayaw
Vehumet
Xom
Yredelemnul
Zin
The Shining One

Shops:
D:4 }[[   D:9 :

Annotations:
D:3 arthad's ghost, amateur GrFi


Innate Abilities, Weirdness & Mutations

You are under a permanent stasis effect.
You can dig through walls and to a lower floor.
Your four strong arms can wield two-handed weapons with a shield.
You have a pair of large antennae on your head. (SInv)


Message History

The spray of energy hits the minotaur.
The minotaur hits you with a trident!!
* * * LOW HITPOINT WARNING * * *
The minotaur gores you!
* * * LOW HITPOINT WARNING * * *
You feel much better. The minotaur barely misses you. The minotaur gores you.
* * * LOW HITPOINT WARNING * * *
Casting: Dazzling Spray
Confirm with . or Enter, or press ? or * to list all spells.
Okay, then.
Okay, then.
Casting: Dazzling Spray
Confirm with . or Enter, or press ? or * to list all spells.
Aiming: Dazzling Spray
Press: ? - help, Shift-Dir - straight line, f/p - minotaur
Aim: a minotaur, wielding a trident, wearing a runed scale mail and wearing a silver ring The spray of energy hits the minotaur.
The minotaur is lightly wounded.
You are feeling hungry.
The minotaur hits you with a trident!!
You die...

# # # # . ..#
. # . ###
###### . .#
#........# #
# ###.
#.######.#.
.. #.#. .#.#
# #.
#.#H####.#.#
... .#.@....#
###.# # #
########.....
. . #......
.. #### # #
## ## ###.#
.... . ## ##
..# . .. .#
### # . # ##


You could see a minotaur.

Vanquished Creatures
  An unseen horror (D:7)
  The ghost of pokedragonboy the Cleaver, a novice HOGl of Qazlal (D:7)
  A hill giant (D:10)
  An ugly thing (D:11)
  A troll (D:9)
  A two-headed ogre (D:4)
  Grinder (D:3)
  3 hippogriffs
  The ghost of walesgrey the Conjurer, an amateur DECj (D:5)
  A vampire (D:10)
  4 yaks (D:10)
  A steam dragon (D:6)
  Edmund (D:4)
  2 water moccasins
  An orc warrior (D:9)
  5 sky beasts
  4 ice beasts
  A black bear (D:10)
  3 phantoms
  4 ogres
  6 centaurs
  A crocodile (D:11)
  6 bullfrogs
  2 big kobolds
  A wyvern zombie (D:9)
  2 scorpions
  6 killer bees (D:8)
  12 wights
  10 howler monkeys
  3 crimson imps
  4 bullfrog zombies
  A quasit (D:9)
  5 hounds
  6 orc priests
  A centaur skeleton (D:8)
  A gnoll shaman (D:9)
  2 bullfrog skeletons
  A jelly (D:5)
  6 orc wizards
  2 iguanas (D:9)
  8 worker ants
  A hound zombie (D:5)
  2 hound skeletons
  3 worker ant zombies
  4 gnolls
  8 adders
  A shadow imp (D:8)
  2 oozes
  An adder zombie (D:7)
  6 worms
  2 dart slugs (D:2)
  8 leopard geckos
  24 orcs
  2 giant cockroaches
  7 goblins
  8 hobgoblins
  16 jackals
  3 quokkas
  10 bats
  6 frilled lizards
  A jackal skeleton (D:7)
  14 kobolds
  A leopard gecko zombie (D:8)
  2 quokka skeletons
  9 rats
265 creatures vanquished.

Vanquished Creatures (others)
  A fulminant prism (D:5)
1 creature vanquished.

Grand Total: 266 creatures vanquished

Notes
Turn   | Place    | Note
-------+----------+-------------------------------------------
     0 | D:1      | Esekla the Formicid Conjurer began the quest for the Orb.
     0 | D:1      | Reached XP level 1. HP: 13/13 MP: 3/3
   131 | D:1      | Reached XP level 2. HP: 6/19 MP: 0/5
   288 | D:1      | Learned a level 2 spell: Searing Ray
   823 | D:1      | Reached XP level 3. HP: 18/24 MP: 6/6
   933 | D:1      | Learned a level 3 spell: Dazzling Spray
  1634 | D:2      | Reached skill level 1 in Hexes
  1634 | D:2      | Reached XP level 4. HP: 30/30 MP: 3/8
  1965 | D:2      | Found a basalt altar of Yredelemnul.
  1967 | D:2      | Found an iron altar of Okawaru.
  1967 | D:2      | Found a glowing silver altar of Zin.
  2215 | D:3      | Noticed Grinder
  2221 | D:3      | You fall through a shaft!
  2527 | D:4      | Noticed Edmund
  2553 | D:4      | Reached skill level 1 in Slings
  2553 | D:4      | Reached XP level 5. HP: 12/35 MP: 0/9
  2901 | D:4      | Noticed a two-headed ogre
  3171 | D:4      | Found Jitaza Udug's Antique Armour Emporium.
  3171 | D:4      | Found Hyc Uria's Armour Shoppe.
  3250 | D:4      | Noticed a centaur
  3634 | D:4      | Found Lirraott's Gadget Emporium.
  3718 | D:4      | Reached XP level 6. HP: 38/41 MP: 6/10
  3724 | D:4      | Learned a level 4 spell: Iskenderun's Mystic Blast
  4068 | D:3      | Noticed arthad's ghost (amateur GrFi)
  4787 | D:3      | Reached skill level 5 in Conjurations
  4871 | D:3      | Found a deep blue altar of Sif Muna.
  5244 | D:2      | Reached skill level 1 in Axes
  5571 | D:4      | Reached skill level 1 in Fighting
  5571 | D:4      | Reached skill level 2 in Axes
  5728 | D:4      | Bought a dyed leather armour for 160 gold pieces
  6078 | D:3      | Killed Grinder
  6078 | D:3      | Reached skill level 4 in Axes
  6078 | D:3      | Reached XP level 7. HP: 50/50 MP: 4/11
  6375 | D:4      | Killed a two-headed ogre
  6375 | D:4      | Reached skill level 5 in Axes
  6375 | D:4      | Reached XP level 8. HP: 57/57 MP: 7/12
  6618 | D:4      | Killed Edmund
  6618 | D:4      | Reached skill level 6 in Axes
  6883 | D:5      | Entered Level 5 of the Dungeon
  6909 | D:5      | Noticed walesgrey's ghost (amateur DECj)
  6938 | D:5      | Killed walesgrey's ghost
  7333 | D:5      | Reached skill level 7 in Axes
  7342 | D:5      | Found a stormy altar of Qazlal.
  7480 | D:5      | Reached XP level 9. HP: 21/65 MP: 3/13
  7730 | D:5      | Reached skill level 8 in Axes
  8032 | D:5      | Learned a level 4 spell: Fulminant Prism
  9112 | D:6      | Found a staircase to the Ecumenical Temple.
  9133 | Temple   | Entered the Ecumenical Temple
  9163 | Temple   | Became a worshipper of Makhleb the Destroyer
  9323 | D:6      | Reached skill level 9 in Axes
  9475 | D:7      | Got a distressingly furry robe
  9506 | D:6      | Identified the +2 robe of the Disturbing Wonders {rF- Dex+8} (You found it on level 7 of the Dungeon)
  9650 | D:7      | Noticed an unseen horror
  9680 | D:7      | Killed an unseen horror
  9680 | D:7      | Reached XP level 10. HP: 42/71 MP: 14/14
  9821 | D:7      | Found a sparkling altar of Nemelex Xobeh.
  9837 | D:7      | Noticed pokedragonboy's ghost (novice HOGl)
  9855 | D:7      | Reached skill level 10 in Axes
  9855 | D:7      | Reached skill level 5 in Hexes
  9872 | D:7      | Reached * piety under Makhleb
  9895 | D:7      | You fall through a shaft for 2 floors!
  9900 | D:9      | Found a staircase to the Lair.
 10795 | D:8      | Found a bloodstained altar of Trog.
 11001 | D:7      | Reached skill level 11 in Axes
 11004 | D:7      | Found a sacrificial altar of Ru.
 11421 | D:7      | Killed pokedragonboy's ghost
 11697 | D:8      | Reached ** piety under Makhleb
 11725 | D:8      | Reached XP level 11. HP: 77/77 MP: 16/16
 12367 | D:9      | Reached skill level 12 in Axes
 13257 | D:9      | Found a hazy altar of Hepliaklqana.
 13263 | D:9      | Found Poarch's Book Emporium.
 13529 | D:9      | Found a radiant altar of Vehumet.
 13673 | D:9      | Bought a book of Minor Magic for 240 gold pieces
 13677 | D:9      | Learned a level 3 spell: Mephitic Cloud
 13715 | D:10     | Entered Level 10 of the Dungeon
 13900 | D:10     | Noticed a hill giant
 13908 | D:10     | Killed a hill giant
 13908 | D:10     | Reached skill level 1 in Poison Magic
 14019 | D:10     | Reached skill level 1 in Air Magic
 14096 | D:10     | Found a staircase to the Orcish Mines.
 14182 | D:10     | Reached *** piety under Makhleb
 14713 | D:11     | Noticed a green ugly thing
 14737 | D:11     | Killed a green ugly thing
 14737 | D:11     | Reached skill level 13 in Axes
 14841 | D:11     | Found a labyrinth entrance.
 14866 | Lab      | Entered a labyrinth
 15378 | Lab      | Noticed a minotaur
 15382 | Lab      | Slain by a minotaur

Vault maps used:
D:1:      dpeg_arrival_radiant
D:2:      grunt_temple_overflow_open
D:3:      led_sif_pool, first_bread, uniq_grinder
D:4:      serial_shops, kennysheep_little_box, nicolae_shop_statue_plus,
          shop_statue, uniq_edmund
D:5:      kennysheep_mini
D:6:      minmay_misc_feat_diagonals
D:7:      old_standard_altar, nemelex_lonely_heart_becter
D:8:      bloody_trog
D:9:      nicolae_overflow_hidden_temple, lair_0_dummy, serial_shops, shop
D:10:     orc_0_dummy
D:11:     lab_entry_generic
Temple:   minmay_temple_bridge_abc
Lab:      labyrinth_spiral

Skill      XL: |  1  2  3  4  5  6  7  8  9 10 11 |
---------------+----------------------------------+-----
Dodging        | 2 |  2.0
Conjurations   | 4 5 6 7 |  7.8
Hexes          | 1 2 3 4 6 7 |  7.1
Spellcasting   | 3 |  3.7
Slings         | 1 |  1.0
Axes           | 4 5 7 9 11 13 | 13.0
Fighting       | 2 4 |  4.1
Poison Magic   | 2 |  2.9
Air Magic      | 1 |  1.8
Stealth        | |  2.4

Action                   |  1- 3 |  4- 6 |  7- 9 | 10-12 || total
-------------------------+-------+-------+-------+-------++-------
Melee: Dagger            |    83 |       |       |       ||    83
       Unarmed           |     1 |       |       |       ||     1
       Short sword       |    38 |    91 |       |       ||   129
       Hand axe          |       |    28 |   142 |   347 ||   517
       Battleaxe         |       |       |       |     4 ||     4
 Fire: Hunting sling     |       |    29 |     6 |       ||    35
Throw: Stone             |    13 |     6 |    20 |    35 ||    74
       Tomahawk          |       |       |       |     9 ||     9
 Cast: Magic Dart        |    24 |    18 |       |     2 ||    44
       Searing Ray       |     3 |    10 |    11 |    12 ||    36
       Dazzling Spray    |     1 |       |     6 |    12 ||    19
 Abil: Shaft Self        |       |     1 |       |     1 ||     2
  Use: Scroll            |     4 |     6 |     4 |     8 ||    22
       Potion            |       |       |     2 |     2 ||     4
 Stab: Sleeping          |     6 |     8 |     5 |     7 ||    26
       Distracted        |       |       |     1 |     4 ||     5
       Invisible         |       |       |     1 |     4 ||     5
  Eat: Bread ration      |     1 |     2 |       |     1 ||     4
       Royal jelly       |       |     1 |       |     1 ||     2
       Pizza             |       |     1 |       |     1 ||     2
       Meat ration       |       |     1 |     2 |     1 ||     4
       Fruit             |       |       |       |     6 ||     6
Armor: Robe              |    63 |    45 |    13 |    58 ||   179
Dodge: Dodged            |   132 |   109 |    86 |   215 ||   542
